 Dungeon Crawl Stone Soup version 0.27-a0-1140-g099f9bb0e8 (webtiles) character file.

Game seed: 11988666399460497150

70 Froggeryz the Insei (level 4, -2/31 HPs)
             Began as an Octopode Wanderer on May 10, 2021.
             Slain by a river rat (9 damage)
             ... in a sewer.
             The game lasted 00:02:14 (2265 turns).

Froggeryz the Insei (Octopode Wanderer)             Turns: 2265, Time: 00:02:15

Health: -2/31      AC:  2    Str:  9    XL:     4   Next: 22%
Magic:  5/5        EV: 13    Int: 16    God:
Gold:   57         SH:  0    Dex: 12    Spells: 4/5 levels left

rFire    . . .     SeeInvis .     - Unarmed
rCold    . . .     Faith    .   (no shield)
rNeg     . . .     Spirit   .   f - +1 hat
rPois    .         Reflect  .   (no amulet)
rElec    .         Harm     .   (no ring)
rCorr    .         Rampage  .   (no ring)
Will     .....                  (no ring)
Stlth    ++........             (no ring)
HPRegen  0.10/turn              (no ring)
MPRegen  0.09/turn              (no ring)
                                (no ring)
                                (no ring)

@: confused, ambrosia-drunk
A: almost no armour, amphibious, 8 rings, camouflage 1, gelatinous body 1,
(nimble swimmer 1), tentacles
a: no special abilities


You were in a sewer.
You visited 1 branch of the dungeon, and saw 3 of its levels.
You also visited: Sewer.

You collected 57 gold pieces.

Inventory:

Missiles
 d - 8 poisoned darts (quivered)
Armour
 c - a +0 buckler
 f - a +1 hat (worn)
Scrolls
 g - 2 scrolls of noise
 h - a scroll of identify {unknown}
Potions
 b - a potion of berserk rage
 e - 2 potions of haste


   Skills:
 - Level 3.0 Fighting
 - Level 1.0 Throwing
 + Level 2.3 Dodging
 * Level 3.2 Unarmed Combat
 - Level 1.0 Spellcasting
 - Level 1.0 Translocations
 - Level 1.0 Earth Magic
 - Level 1.1 Evocations


You had 4 spell levels left.
You knew the following spells:

 Your Spells              Type           Power      Damage    Failure   Level
a - Beastly Appendage     Tmut           0%         N/A       22%         1

Your spell library contained the following spells:

 Spells                   Type           Power      Damage    Failure   Level
 Animate Skeleton         Necr           0%         N/A       22%         1
 Magic Dart               Conj           0%         1d3       22%         1
 Pain                     Necr           0%         1d4       22%         1
 Searing Ray              Conj           0%         3d3       34%         2
 Dazzling Flash           Conj/Hex       0%         N/A       56%         3
 Ignite Poison            Fire/Tmut/Pois 0%         N/A       56%         3
 Vampiric Draining        Necr           0%         2d6       56%         3
 Iskenderun's Mystic Bla  Conj/Tloc      2%         2d3       88%         4
 Animate Dead             Necr           0%         N/A       92%         4
 Fulminant Prism          Conj/Hex       0%         3d6       92%         4
 Agony                    Necr           0%         N/A       99%         5


Dungeon Overview and Level Annotations

Branches:
Dungeon (3/15)              Sewer (1/1)

Altars:


Innate Abilities, Weirdness & Mutations

You cannot wear most types of armour.
You are amphibious.
You can wear up to eight rings at the same time.
Your skin changes colour to match your surroundings (Stealth+).
Your rubbery body absorbs attacks. (AC +1, EV +1)
((You are camouflaged near water. (Stealth+)))
You have tentacles for arms and can constrict up to eight enemies at once.


Message History

There is a gate leading back out of this place here.
You tentacle-slap the river rat but do no damage.
You grab the river rat. Your squeeze misses the river rat.
You constrict the river rat. The river rat bites you.
You tentacle-slap the river rat. Your squeeze misses the river rat.
The river rat is moderately wounded.
You constrict the river rat, but do no damage.
You tentacle-slap the river rat.
The river rat is moderately wounded.
You constrict the river rat. The river rat closely misses you.
You tentacle-slap the river rat but do no damage.
The river rat is heavily wounded.
You constrict the river rat. The river rat bites you.
You tentacle-slap the river rat.
The river rat is almost dead.
You constrict the river rat.
You kill the river rat!
The river rat completely misses you.
You closely miss the river rat. Your grab misses the river rat.
The river rat barely misses you. The river rat closely misses you.
You tentacle-slap the river rat but do no damage.
Your grab misses the river rat. Your squeeze misses the river rat.
The river rat bites you. The river rat closely misses you.
You closely miss the river rat. You grab the river rat.
You constrict the river rat, but do no damage.
The rat twitches its whiskers.
The river rat completely misses you. The river rat bites you.
You tentacle-slap the river rat.
The river rat is lightly wounded.
You constrict the river rat, but do no damage.
The river rat barely misses you. The river rat bites you!
* * * LOW HITPOINT WARNING * * *
It was a potion of cancellation.
You feel magically purged.
You constrict the river rat. The river rat closely misses you.
The river rat barely misses you.
It was a potion of ambrosia.
You are confused.
You feel invigorated.
You constrict the river rat. The river rat closely misses you.
The river rat bites you!
You die... ############### ≈.....rrr@r...# ###############

You could see 3 river rats and a rat.

Vanquished Creatures
  A gnoll (D:1)
  A river rat (Sewer)
  An adder (D:2)
  A worm (D:2)
  2 dart slugs
  4 ball pythons
  5 bats
  2 endoplasms (D:1)
  2 giant cockroaches (D:2)
  4 goblins
  2 jackals (D:3)
  4 kobolds
  A quokka (D:3)
  5 rats
35 creatures vanquished.

Notes
Turn   | Place    | Note
-------+----------+-------------------------------------------
     0 | D:1      | Froggeryz the Octopode Wanderer began the quest for the
                  | Orb.
     0 | D:1      | Froggeryz set off with the following items: a +0 dagger, a
                  | potion of berserk rage, 8 poisoned darts, a potion of
                  | haste; and the following spell memorised: Beastly
                  | Appendage; and the following spells available to memorise:
                  | Ignite Poison
     0 | D:1      | Reached XP level 1. HP: 16/16 MP: 2/2
   137 | D:1      | Reached XP level 2. HP: 21/21 MP: 3/3
   788 | D:1      | Reached XP level 3. HP: 26/26 MP: 4/4
  2113 | D:3      | Reached XP level 4. HP: 24/31 MP: 5/5
  2248 | D:3      | Found a glowing drain.
  2252 | Sewer    | Entered a sewer
  2265 | Sewer    | Slain by a river rat

Illustrated notes

Levels and vault maps discovered:
D:1:      onia_arrival_handbag, layout_loops_ring, minmay_stone_trees_small
D:2:      layout_rooms
D:3:      cheibrodos_old_hovel, layout_basic, basic_ecumenical_altar,
          gup_sewer_entry_bowl, serial_shops, shop, minmay_shallow_snake_nest,
          uniq_crazy_yiuf_cottage
Sewer:    sewer_kobolds

Skill      XL: |  1  2  3 |
---------------+----------+-----
Unarmed Combat | 2 3 |  3.2
Dodging        | 2 |  2.3
Fighting       | |  3.0
Throwing       | |  1.0
Spellcasting   | |  1.0
Translocations | |  1.0
Earth Magic    | |  1.0
Evocations     | |  1.1

Action                   |  1- 3 |  4- 6 || total
-------------------------+-------+-------++-------
Melee: Dagger            |     9 |       ||     9
       Constrict         |    25 |     4 ||    29
       Unarmed           |    69 |    20 ||    89
       Tentacles         |     9 |     1 ||    10
       Punch             |     1 |       ||     1
Throw: Dart              |     4 |       ||     4
  Use: Scroll            |     2 |       ||     2
       Potion            |       |     2 ||     2
 Stab: Sleeping          |     5 |       ||     5
       Distracted        |     1 |       ||     1
Armor: Skin              |    10 |     1 ||    11
Dodge: Dodged            |    68 |    17 ||    85

Table legend: (Time is in decaauts)
 A = Elapsed time spent in this place.
 B = Non-inter-level travel time spent in this place.
 C = Inter-level travel time spent in this place.
 D = Time resting spent in this place.
 E = Time spent auto-exploring this place.
 F = Levels seen in this place.
 G = Mean time per level.
                   A        B        C        D        E       F      G
               +--------+--------+--------+--------+--------+-----+--------+
         Total |   2260 |   2237 |     23 |    430 |   1494 |   4 |  565.0 |
       Dungeon |   2248 |   2225 |     23 |    430 |   1494 |   3 |  749.3 |
         Sewer |     12 |     12 |      0 |      0 |      0 |   1 |   12.0 |
               +--------+--------+--------+--------+--------+-----+--------+

Top non-repeatable levels by time:
     D:1: 1550 daAuts
     D:2: 524 daAuts
     D:3: 173 daAuts
   Sewer: 12 daAuts
